 Dungeon Crawl Stone Soup version 0.29-a0-322-g68df515428 (webtiles) character file.

Game seed: 1115344004249467005

2277 kae the Firebug (level 9, -5/53 HPs)
             Began as a Tengu Fire Elementalist on Apr 8, 2022.
             Killed from afar by an acid dragon (24 damage)
             ... with a splash of acid
             ... on level 6 of the Dungeon.
             The game lasted 00:07:03 (9289 turns).

kae the Firebug (Tengu Fire Elementalist)           Turns: 9289, Time: 00:07:04

Health: -5/53      AC:  3    Str:  9    XL:     9   Next: 39%
Magic:  16/17      EV: 17    Int: 19    God:
Gold:   117        SH:  0    Dex: 15    Spells: 7/17 levels left

rFire   . . .      SeeInvis .   o - +0 whip (drain)
rCold   . . .      Faith    .   (no shield)
rNeg    . . .      Spirit   .   a - +0 robe
rPois   .          Reflect  .   (helmet restricted)
rElec   .          Harm     .   r - +0 cloak
rCorr   .          Rampage  .   (no gloves)
Will    .....                   (boots unavailable)
Stlth   ++........              e - amulet of magic regeneration
HPRegen 0.17/turn               (no ring)
MPRegen 0.55/turn               (no ring)

@: flying quickly and evasively, quick
A: beak, talons 3, nimble flight
a: no special abilities


You were on level 6 of the Dungeon.
You visited 2 branches of the dungeon, and saw 7 of its levels.
You also visited: Ossuary.

You collected 369 gold pieces.
You spent 252 gold pieces at shops.

Inventory:

Hand Weapons
 f - a +0 short sword
 o - a +0 whip of draining (weapon)
Armour
 a - a +0 robe (worn)
 r - a +0 cloak (worn)
Jewellery
 e - an amulet of magic regeneration (around neck)
 i - an amulet of the acrobat
 p - a ring of ice
 x - a ring of willpower
Wands
 h - a wand of flame (22)
 t - a wand of mindburst (13)
 D - a wand of polymorph (7)
Scrolls
 c - 6 scrolls of teleportation
 d - 2 scrolls of silence
 w - 5 scrolls of fear
 y - a scroll of magic mapping
 A - a scroll of amnesia
 B - a scroll of fog
 F - a scroll of identify
Potions
 b - a potion of magic
 g - 4 potions of flight
 j - 4 potions of might
 k - 3 potions of heal wounds
 l - 2 potions of brilliance
 m - 5 potions of curing
 n - 2 potions of mutation
 q - 5 potions of attraction
 s - a potion of degeneration
 u - 3 potions of ambrosia
 v - a potion of experience
 z - 2 potions of invisibility
 C - 2 potions of resistance {unknown}
 E - a potion of lignification


   Skills:
 + Level 4.8 Fighting
 + Level 5.1 Armour
 + Level 5.7 Dodging
 - Level 2.0 Stealth
 + Level 4.8 Spellcasting
 + Level 6.4 Conjurations
 + Level 6.5 Fire Magic


You had 7 spell levels left.
You knew the following spells:

 Your Spells              Type           Power      Damage    Failure   Level
a - Foxfire               Conj/Fire      100%       2x1d9     1%          1
b - Scorch                Fire           58%        2d8       1%          2
c - Conjure Flame         Conj/Fire      29%        6-21      2%          3
d - Inner Flame           Hex/Fire       17%        N/A       10%         3
e - Beastly Appendage     Tmut           8%         N/A       13%         1

Your spell library contained the following spells:

 Spells                   Type           Power      Damage    Failure   Level
 Flame Wave               Conj/Fire      29%        2d8       9%          4
 Dazzling Flash           Conj/Hex       32%        N/A       10%         3
 Wereblood                Tmut           4%         N/A       19%         2
 Iskenderun's Mystic Bla  Conj/Tloc      16%        2d5       32%         4
 Spider Form              Tmut/Pois      4%         N/A       36%         3
 Starburst                Conj/Fire      14%        6d6       80%         6


Dungeon Overview and Level Annotations

Branches:
Dungeon (6/15)             Temple (1/1) D:4         Ossuary (visited)

Altars:
Cheibriados
Dithmenos
Elyvilon
Fedhas
Hepliaklqana
Kikubaaqudgha
Makhleb
Nemelex Xobeh
Okawaru
Qazlal
Ru
Sif Muna
Trog
Uskayaw
Vehumet
Wu Jian
Yredelemnul
Zin
The Shining One

Shops:
D:1 (   D:5 ?

Annotations:
D:6 2 transporters


Innate Abilities, Weirdness & Mutations

You have a beak for a mouth.
You have claws for feet.
Your magical nature lets you fly swiftly and evasively.


Message History

There is a stone staircase leading up here.
Casting: Scorch (safe; 1% risk of failure)
Confirm with . or Enter, or press ? or * to list all spells.
Flames lash the orc warrior.
The orc warrior is almost dead.
The orc warrior's fire resistance burns away.
The orc barely misses you. The orc warrior closely misses you.
The orc barely misses you. The orc warrior misses you.
Casting: Scorch (safe; 1% risk of failure)
Confirm with . or Enter, or press ? or * to list all spells.
Flames lash the orc.
You kill the orc!
The orc warrior hits you from afar with a +0 halberd.
The orc warrior is no longer more vulnerable to fire.
The orc warrior closely misses you.
Casting: Scorch (safe; 1% risk of failure)
Confirm with . or Enter, or press ? or * to list all spells.
Flames lash the orc warrior.
The orc warrior is almost dead.
The orc warrior's fire resistance burns away.
The orc warrior hits you from afar with a +0 halberd!!
The orc warrior barely misses you.
Casting: Scorch (safe; 1% risk of failure)
Confirm with . or Enter, or press ? or * to list all spells.
Flames lash the orc warrior.
The orc warrior is burned terribly!
You kill the orc warrior!
You start resting.
Magic restored.
An acid dragon is nearby!
Casting: Scorch (safe; 1% risk of failure)
Confirm with . or Enter, or press ? or * to list all spells.
Flames lash the acid dragon.
The acid dragon is lightly wounded.
The acid dragon's fire resistance burns away.
The acid dragon spits acid at you. The splash of acid hits you!!
Ouch! That really hurt!
The acid dragon spits acid at you. The splash of acid hits you!!
You die...

##>####..F.###).##.
#.....D.....#......
#..#####.#.......o.
#.......#.....###.#
#..#####.#.o.......
#..D...#.##..###...
#..###.............
#..# #.#.##..##....
#.@###.#.##(o##....
###).#.....##..###...
#...)#.....#.........
#.#...o......########
#.####).....##lh.©...
#.# #......#8o.#.#..
#.# #...#..#y.#...#.
#.# #.#....#n.......
#.# #.##..©#_$....©.


You could see an acid dragon (catching breath, combustible).

Vanquished Creatures
  Prince Ribbit (D:6)
  A wraith (Ossuary)
  A water moccasin (D:6)
  An orc warrior (D:6)
  An ice beast (D:5)
  A sky beast (D:6)
  A black bear (D:5)
  2 ogres
  A phantom (D:5)
  3 centaurs
  A necrophage (D:3)
  2 bullfrogs (D:6)
  3 wights (Ossuary)
  A howler monkey (D:5)
  2 hounds
  2 jellies
  An orc priest (D:4)
  An iguana (D:5)
  Terence (D:2)
  Natasha (twice) (D:2)
  3 orc wizards
  Robin (D:4)
  11 adders
  An adder zombie (Ossuary)
  3 worms
  A dart slug (D:1)
  33 orcs
  3 endoplasms (D:1)
  2 giant cockroaches
  15 goblins
  9 hobgoblins
  5 jackals (D:1)
  10 kobolds
  4 quokkas
  5 ball pythons
  2 ball python skeletons (Ossuary)
  5 bats
  4 frilled lizards
  A hobgoblin zombie (Ossuary)
  A kobold zombie (Ossuary)
  2 orc skeletons (Ossuary)
  2 orc zombies (Ossuary)
  7 rats
159 creatures vanquished.

Vanquished Creatures (others)
  433 foxfires
  20 fungi (D:5)
453 creatures vanquished.

Grand Total: 612 creatures vanquished

Notes
Turn   | Place    | Note
-------+----------+-------------------------------------------
     0 | D:1      | kae the Tengu Fire Elementalist began the quest for the
                  | Orb.
     0 | D:1      | Reached XP level 1. HP: 10/10 MP: 4/4
   164 | D:1      | Reached XP level 2. HP: 15/16 MP: 4/6
   275 | D:1      | Found a faded altar of an unknown god.
   517 | D:1      | Reached skill level 1 in Armour
   573 | D:1      | Reached XP level 3. HP: 20/20 MP: 5/7
   576 | D:1      | Learned a level 2 spell: Scorch
   578 | D:1      | Learned a level 1 spell: Beastly Appendage
   606 | D:1      | Found Lanwof's Antique Weapon Shop.
   875 | D:2      | Reached skill level 1 in Fighting
  1165 | D:2      | Noticed Natasha
  1168 | D:2      | Noticed Terence
  1184 | D:2      | Killed Natasha
  1185 | D:2      | Reached XP level 4. HP: 25/25 MP: 8/8
  1202 | D:2      | Killed Terence
  1765 | D:2      | Noticed Natasha
  1776 | D:2      | Killed Natasha
  1777 | D:2      | Gained mutation: Your magical nature lets you fly swiftly
                  | and evasively. [Tengu growth]
  1777 | D:2      | Reached XP level 5. HP: 10/30 MP: 6/9
  2576 | D:2      | Reached XP level 6. HP: 28/35 MP: 7/11
  2642 | D:2      | Learned a level 3 spell: Conjure Flame
  2646 | D:2      | Learned a level 3 spell: Inner Flame
  3227 | D:4      | Identified the +2 helmet of Analysis {rC- Str+4 Slay+5
                  | Stlth+}
  3227 | D:4      | Noticed Robin
  3572 | D:3      | Identified the +6 hunting sling "Voehiu" {freeze, +Blink
                  | MP+9 Int+3}
  4446 | D:4      | Killed Robin
  4660 | D:4      | Reached XP level 7. HP: 40/40 MP: 12/12
  5183 | D:4      | Found a staircase to the Ecumenical Temple.
  5292 | Temple   | Entered the Ecumenical Temple
  5643 | D:4      | Found a hazy altar of Hepliaklqana.
  5654 | D:4      | Found a glowing silver altar of Zin.
  5823 | D:5      | Entered Level 5 of the Dungeon
  6028 | D:5      | Found a bloodstained altar of Trog.
  6205 | D:5      | Reached skill level 5 in Fire Magic
  6487 | D:5      | Reached XP level 8. HP: 46/46 MP: 11/14
  6698 | D:5      | Found a hide-covered altar of Uskayaw.
  6709 | D:5      | Reached skill level 5 in Conjurations
  6724 | D:5      | Found Xeloedet's Magic Scroll Emporium.
  6732 | D:5      | Bought a scroll of identify for 22 gold pieces
  6732 | D:5      | Bought a scroll of identify for 22 gold pieces
  6732 | D:5      | Bought a scroll of identify for 22 gold pieces
  6732 | D:5      | Bought a scroll of magic mapping for 38 gold pieces
  6732 | D:5      | Bought a scroll of teleportation for 33 gold pieces
  6732 | D:5      | Bought 3 scrolls of fear for 115 gold pieces
  7389 | D:6      | Found a transporter.
  7389 | D:6      | Noticed a vampire
  7398 | D:6      | Found a sand-covered staircase.
  7477 | Ossuary  | Entered an ossuary
  7778 | Ossuary  | Noticed a flying skull
  7778 | Ossuary  | Noticed a wraith
  7787 | Ossuary  | Noticed a flying skull
  7796 | Ossuary  | Noticed a flying skull
  7814 | Ossuary  | Noticed a flying skull
  7825 | Ossuary  | Reached skill level 5 in Dodging
  7842 | Ossuary  | Noticed a wraith
  7849 | Ossuary  | Noticed a flying skull
  7855 | Ossuary  | Noticed a wraith
  7884 | Ossuary  | Killed a wraith
  8005 | D:6      | Noticed a wyvern
  8006 | D:6      | Found a shimmering blue altar of Sif Muna.
  8014 | D:6      | Noticed Prince Ribbit
  8778 | D:5      | Reached XP level 9. HP: 52/52 MP: 13/16
  8853 | D:6      | Killed Prince Ribbit
  8854 | D:6      | Reached skill level 5 in Armour
  8891 | D:6      | Found a transporter.
  9289 | D:6      | Killed from afar by an acid dragon

Illustrated notes

Levels and vault maps discovered:
D:1:      heliophobic_arrival_enchanted_forest, layout_loops_ring, serial_shops,
          nicolae_shop_stone, hellmonk_ecumenical_altar_crossroads,
          minmay_domino_2
D:2:      layout_basic, uniq_natasha, uniq_terence
D:3:      minmay_chambers_of_twos, layout_basic, dk_vineyard_3,
          kennysheep_generic_room_12
D:4:      layout_cave_pools, worldfamousw_hep_ancestral_shrine,
          mainiacjoe_overflow_catwalk, temple_doors_e, uniq_robin
D:5:      layout_loops_corners, mainiacjoe_overflow_cross_hatched, trog_book,
          serial_shops, shop, minivault_27, corexii_leaking_fountain,
          minmay_hedge_maze
D:6:      layout_loops_ring, gammafunk_temple_overflow_arena, enter_ossuary_5,
          minmay_pentangle, uniq_prince_ribbit1
Temple:   jpeg_temple_clearing

Skill      XL: |  1  2  3  4  5  6  7  8  9 |
---------------+----------------------------+-----
Armour         | 1 2 3 4 5 |  5.1
Conjurations   | 2 3 4 5 6 |  6.4
Fighting       | 1 2 3 4 |  4.8
Dodging        | 3 4 5 |  5.7
Fire Magic     | 4 5 6 |  6.5
Spellcasting   | 3 4 |  4.8
Stealth        | |  2.0

Action                   |  1- 3 |  4- 6 |  7- 9 || total
-------------------------+-------+-------+-------++-------
Melee: Short sword       |    11 |     6 |       ||    17
       Kick              |     2 |     1 |       ||     3
       Peck              |       |     1 |     1 ||     2
       Whip              |       |       |     3 ||     3
 Cast: Foxfire           |    71 |   110 |    73 ||   254
       Scorch            |     1 |    48 |    76 ||   125
       Beastly Appendage |     1 |     1 |       ||     2
       Conjure Flame     |       |     1 |     4 ||     5
       Inner Flame       |       |       |     1 ||     1
  Use: Scroll            |     5 |     4 |    12 ||    21
       Potion            |     1 |       |       ||     1
 Stab: Sleeping          |     1 |       |       ||     1
Armor: Robe              |     1 |    18 |    11 ||    30
       Skin              |     6 |    15 |       ||    21
Dodge: Dodged            |     7 |   117 |   104 ||   228

Table legend: (Time is in decaauts)
 A = Elapsed time spent in this place.
 B = Non-inter-level travel time spent in this place.
 C = Inter-level travel time spent in this place.
 D = Time resting spent in this place.
 E = Time spent auto-exploring this place.
 F = Levels seen in this place.
 G = Mean time per level.
                   A        B        C        D        E       F      G
               +--------+--------+--------+--------+--------+-----+--------+
         Total |   8990 |   8463 |    527 |   1866 |   5024 |   8 | 1123.8 |
       Dungeon |   8428 |   7918 |    510 |   1733 |   4780 |   6 | 1404.7 |
        Temple |     78 |     62 |     16 |      0 |     49 |   1 |   78.0 |
       Ossuary |    484 |    484 |      0 |    133 |    194 |   1 |  484.0 |
               +--------+--------+--------+--------+--------+-----+--------+

Top non-repeatable levels by time:
     D:3: 2335 daAuts
     D:5: 1436 daAuts
     D:2: 1415 daAuts
     D:6: 1161 daAuts
     D:4: 1150 daAuts
     D:1: 929 daAuts
 Ossuary: 484 daAuts
  Temple: 78 daAuts
